 Dungeon Crawl Stone Soup version 0.29-a0-233-g1125b37a9b (webtiles) character file.

Game seed: 9918564627301671340

2720 PaleWalker the Covert (level 9, -3/57 HPs)
             Began as a Kobold Brigand on Mar 2, 2022.
             Was a Follower of Dithmenos.
             Shot with an arrow by a centaur (5 damage)
             ... on level 7 of the Dungeon.
             The game lasted 00:18:42 (8739 turns).

PaleWalker the Covert (Kobold Brigand)              Turns: 8739, Time: 00:18:43

Health: -3/57      AC:  8    Str:  9 (10) XL:     9   Next: 98%
Magic:  9/9        EV: 19    Int: 10 (13) God:    Dithmenos [*.....]
Gold:   177        SH:  0    Dex: 19 (20) Spells: 8/8 levels left

rFire   . . .      SeeInvis +   q - +1 dagger (flame)
rCold   . . .      Faith    .   (no shield)
rNeg    . . .      Spirit   .   b - +0 robe
rPois   .          Reflect  .   D - +0 helmet
rElec   .          Harm     .   c - +0 cloak
rCorr   .          Rampage  .   y - +0 pair of gloves
Will    .....                   H - +2 pair of boots
Stlth   +++++++...              (no amulet)
HPRegen 0.19/turn               l - ring of see invisible
MPRegen 0.11/turn               (no ring)

@: wreathed by umbra
A: small, no large weapons, nightstalker 3, hooves 1, strong 1, MP-powered wands
a: Renounce Religion


You were on level 7 of the Dungeon.
You worshipped Dithmenos.
Dithmenos was aware of your devotion.
You visited 2 branches of the dungeon, and saw 8 of its levels.

You collected 387 gold pieces.
You spent 210 gold pieces at shops.

Inventory:

Hand Weapons
 a - a +2 dagger
 q - a +1 dagger of flaming (weapon)
Missiles
 d - 22 poisoned darts
 e - 6 curare-tipped darts
 g - 176 stones
 m - 2 atropa-tipped darts (quivered)
 t - 13 boomerangs
 K - a throwing net
Armour
 b - a +0 robe (worn)
 c - a +0 cloak (worn)
 f - a +0 buckler
 y - a +0 pair of gloves (worn)
 D - a +0 helmet (worn)
 H - a +2 pair of boots (worn)
Jewellery
 l - a ring of see invisible (left hand)
 G - a ring of poison resistance
Wands
 B - a wand of mindburst (14)
 E - a wand of charming (4)
Scrolls
 h - a scroll of noise {unknown}
 i - 4 scrolls of teleportation {unknown}
 n - 2 scrolls of amnesia {unknown}
 o - 10 scrolls of identify {unknown}
 w - a scroll of enchant weapon {unknown}
 x - a scroll of fog {unknown}
 C - a scroll of fear {unknown}
 F - a scroll of immolation {unknown}
Potions
 j - a potion of curing
 k - 2 potions of heal wounds
 p - a potion of berserk rage {unknown}
 r - a potion of degeneration
 s - 2 potions of mutation
 u - a potion of lignification
 v - 2 potions of resistance {unknown}
 z - a potion of brilliance {unknown}
 A - 2 potions of haste {unknown}
 I - a potion of attraction {unknown}
 J - a potion of flight {unknown}


   Skills:
 + Level 7.4 Fighting
 + Level 8.5 Short Blades
 - Level 4.0 Throwing
 * Level 7.3 Dodging
 - Level 10.4 Stealth


You had 8 spell levels left.
You didn't know any spells.
Your spell library contained the following spells:

 Spells                   Type           Power      Damage    Failure   Level
 Ozocubu's Armour         Ice            0%         N/A       75%         3
 Summon Lightning Spire   Summ/Air       0%         N/A       98%         4
 Ozocubu's Refrigeration  Ice            0%         4d5       100%        7
 Storm Form               Tmut/Air       0%         N/A       100%        7
 Maxwell's Capacitive Co  Air            0%         ∞         100%        8


Dungeon Overview and Level Annotations

Branches:
Dungeon (7/15)             Temple (1/1) D:5

Altars:
Ashenzari
Cheibriados
Dithmenos
Fedhas
Gozag
Kikubaaqudgha
Makhleb
Nemelex Xobeh
Okawaru
Qazlal
Ru
Sif Muna
Trog
Uskayaw
Vehumet
Wu Jian
Xom
Yredelemnul
Zin
The Shining One

Shops:
D:6 [   D:7 (


Innate Abilities, Weirdness & Mutations

You are small and have problems with some larger weapons.
You are completely attuned to the shadows.
You have large cloven feet.
Your muscles are strong. (Str +2)
You expend magic power (3 MP) to strengthen your wands.


Message History

You destroy the wraith!
Dithmenos accepts your kill.
You cannot move.
You start resting.
You feel less wooden.
Your +0 cloak unmelds from your body.
Your +0 helmet unmelds from your body.
Your +0 pair of gloves unmelds from your body.
Your +2 pair of boots unmelds from your body.
Your +0 robe unmelds from your body.
You start resting.
You feel yourself speed up.
You start resting.
An orc wizard is nearby!
The orc wizard shouts!
You hear a shout!
A centaur comes into view.
The orc wizard misses you.
The centaur wields a +0 shortbow.
The centaur shoots an arrow.
The arrow barely misses you.
The orc priest invokes the aid of Beogh against you.
Pain shoots through your body!
The centaur shoots an arrow.
The arrow hits you! The orc priest misses you.
The orc wizard casts a spell.
The orc wizard flickers and vanishes for a moment.
The centaur shoots an arrow.
The arrow closely misses you.
The centaur shoots an arrow.
The arrow closely misses you.
The centaur shoots an arrow.
The arrow hits the orc wizard!
The orc priest closely misses you.
The orc wizard hits you but does no damage.
The orc priest barely misses you. The orc priest barely misses you.
The orc wizard gestures at you while chanting.
The magic dart hits you.
* * * LOW HITPOINT WARNING * * *
The orc priest mumbles some strange prayers to Beogh against you.
Beogh smites you!
* * * LOW HITPOINT WARNING * * *
The centaur shoots an arrow.
The arrow completely misses you.
The centaur shoots an arrow.
The arrow closely misses you.
The centaur shoots an arrow.
The arrow hits you.
You die...

.######.......#
#...<...#
.#............#
#.......#
.#............#
###.....###
##...>........#
.........
.....#########......
..... .....# #......
#...)
.....#########......
#....
............##......
.....
............##.@....
#####
............##......
..
............#.....#.
##
...........o#c###.#
.........o.o...#...
###............# #.
#............#
#(!..........#
#........###.#


You could see a centaur and an orc wizard (invisible).

Vanquished Creatures
  A wraith (D:7)
  An ice beast (D:6)
  2 orc warriors (D:5)
  4 sky beasts
  5 ogres
  2 kobold brigands (D:6)
  A bullfrog (D:6)
  2 gnoll sergeants (D:7)
  A necrophage (D:5)
  3 scorpions
  4 wights (D:6)
  2 jellies
  3 hounds
  2 orc priests
  Terence (D:3)
  Natasha (D:4)
  4 iguanas
  3 orc wizards
  12 gnolls
  5 adders
  A shadow imp (D:6)
  5 worms
  3 dart slugs
  17 orcs
  8 endoplasms
  3 giant cockroaches
  6 goblins
  3 hobgoblins
  2 jackals (D:2)
  2 quokkas
  7 ball pythons
  3 bats
  5 frilled lizards
  19 kobolds
  11 rats
154 creatures vanquished.

Vanquished Creatures (others)
  10 plants (D:5)
10 creatures vanquished.

Grand Total: 164 creatures vanquished

Notes
Turn   | Place    | Note
-------+----------+-------------------------------------------
     0 | D:1      | PaleWalker the Kobold Brigand began the quest for the Orb.
     0 | D:1      | Reached XP level 1. HP: 12/12 MP: 1/1
   122 | D:1      | Reached XP level 2. HP: 18/18 MP: 2/2
   424 | D:1      | Reached XP level 3. HP: 22/22 MP: 3/3
  1075 | D:2      | Found a faded altar of an unknown god.
  1174 | D:2      | Reached XP level 4. HP: 28/28 MP: 4/4
  1351 | D:2      | Found an ancient bone altar of Kikubaaqudgha.
  2386 | D:3      | Noticed Terence
  2390 | D:3      | Killed Terence
  2391 | D:3      | Reached skill level 6 in Stealth
  2391 | D:3      | Reached XP level 5. HP: 32/32 MP: 5/5
  2747 | D:4      | Noticed an ogre
  2751 | D:4      | Killed an ogre
  2752 | D:4      | Reached XP level 6. HP: 38/38 MP: 6/6
  3103 | D:4      | Noticed an ogre
  3107 | D:4      | Killed an ogre
  3108 | D:4      | Reached skill level 7 in Stealth
  3131 | D:4      | Noticed Natasha
  3138 | D:4      | Killed Natasha
  3502 | D:4      | Noticed an ogre
  3513 | D:4      | Killed an ogre
  3514 | D:4      | Reached XP level 7. HP: 44/44 MP: 7/7
  3831 | D:3      | Reached skill level 8 in Stealth
  4487 | D:5      | Entered Level 5 of the Dungeon
  4489 | D:5      | Reached skill level 5 in Short Blades
  4548 | D:5      | Reached skill level 5 in Fighting
  4548 | D:5      | Reached skill level 9 in Stealth
  4804 | D:5      | Reached XP level 8. HP: 49/49 MP: 8/8
  4850 | D:5      | Found a staircase to the Ecumenical Temple.
  4858 | Temple   | Entered the Ecumenical Temple
  4875 | Temple   | Gained mutation: You have large cloven feet. [potion of
                  | mutation]
  4875 | Temple   | Gained mutation: You expend magic power (3 MP) to
                  | strengthen your wands. [potion of mutation]
  4875 | Temple   | Gained mutation: Your muscles are strong. (Str +2) [potion
                  | of mutation]
  5460 | Temple   | Became a worshipper of Dithmenos the Shadowed
  5512 | D:5      | Reached skill level 10 in Stealth
  6928 | D:5      | Reached XP level 9. HP: 45/55 MP: 9/9
  7159 | D:6      | Reached * piety under Dithmenos
  7269 | D:6      | Found Isashruq's Antique Armour Shoppe.
  7295 | D:6      | Bought a pair of runed boots for 210 gold pieces
  7374 | D:6      | Reached skill level 5 in Dodging
  8235 | D:7      | Found Fughacas's Antique Weapon Boutique.
  8736 | D:7      | HP: 2/57 [orc priest/divine providence (11)]
  8739 | D:7      | Shot with an arrow by a centaur

Illustrated notes

Levels and vault maps discovered:
D:1:      matt_arrival_spirals, layout_rooms, serial_curves, eino_curves_01,
          eino_curves_01, eino_curves_03, hangedman_decor_push
D:2:      layout_loops_cross, shapermc_ecumenical_altar_venn, basic_altar
D:3:      layout_loops_corners, uniq_terence
D:4:      layout_gridville, nicolae_overflow_hidden_temple, dk_rats_in_the_wall,
          uniq_natasha
D:5:      layout_rooms, temple_fountains, serial_bayou_lagoon_b
D:6:      nicolae_cairo_tiling_large_dashed, layout_rooms, serial_shops, shop,
          chequers_hall_statues_y
D:7:      layout_basic, gammafunk_ghost_necromancy, serial_shops, shop,
          chequers_serial_rivers_room_a, minmay_circle_x
Temple:   mainiacjoe_temple_cubbyholes

Skill      XL: |  1  2  3  4  5  6  7  8  9 |
---------------+----------------------------+-----
Throwing       | 3 4 |  4.0
Fighting       | 3 4 5 6 7 |  7.4
Short Blades   | 3 4 5 6 8 |  8.5
Stealth        | 6 7 9 10 | 10.4
Dodging        | 3 7 |  7.3

Action                   |  1- 3 |  4- 6 |  7- 9 || total
-------------------------+-------+-------+-------++-------
Melee: Dagger            |    68 |   103 |   344 ||   515
       Punch             |     2 |     1 |     3 ||     6
       Kick              |       |       |    43 ||    43
Throw: Dart              |     2 |     1 |    13 ||    16
  Use: Potion            |       |       |     5 ||     5
 Stab: Sleeping          |    17 |    22 |    26 ||    65
       Distracted        |       |     1 |     4 ||     5
       Invisible         |       |       |     5 ||     5
       Confused          |       |       |     1 ||     1
Armor: Robe              |    10 |     6 |    40 ||    56
       Skin              |       |       |    16 ||    16
Dodge: Dodged            |    42 |    40 |   172 ||   254

Table legend: (Time is in decaauts)
 A = Elapsed time spent in this place.
 B = Non-inter-level travel time spent in this place.
 C = Inter-level travel time spent in this place.
 D = Time resting spent in this place.
 E = Time spent auto-exploring this place.
 F = Levels seen in this place.
 G = Mean time per level.
                   A        B        C        D        E       F      G
               +--------+--------+--------+--------+--------+-----+--------+
         Total |   8645 |   8400 |    245 |   1045 |   5900 |   8 | 1080.6 |
       Dungeon |   8022 |   7811 |    211 |   1045 |   5370 |   7 | 1146.0 |
        Temple |    622 |    588 |     34 |      0 |    530 |   1 |  622.0 |
               +--------+--------+--------+--------+--------+-----+--------+

Top non-repeatable levels by time:
     D:5: 1779 daAuts
     D:4: 1573 daAuts
     D:3: 1357 daAuts
     D:6: 1157 daAuts
     D:1: 813 daAuts
     D:2: 709 daAuts
     D:7: 632 daAuts
  Temple: 622 daAuts
